Map: Port Aleksander LE

Players

MechaCaulk - Winner!

  • Race: Zerg Zerg
  • League: Gold
  • Spawn Location: 11:00

Javipapache

  • Race: Zerg Zerg
  • League: Gold
  • Spawn Location: 5:00

VOD

Have the link to the VOD?

Description

Time

  • Played on: March 27, 2019, 4:37 a.m.
  • Length: 13:45
Show
View Real Time Build Order
Export as new Build Order

MechaCaulk Zerg - Winner!

Build Orders: Pool First, Zergling Baneling 

Get SALT Encoding   

  12  0:02  Drone  
  13  0:09  Drone  
  14  0:18  Overlord  
  14  0:29  Drone, Extractor  
  14  0:38  Drone x2  
  16  0:52  Drone  
  16  0:57  Spawning Pool  
  16  0:58  Drone  
  17  1:28  Hatchery  
  16  1:39  Overlord  
  16  1:43  Zergling x4  
  18  1:48  Queen  
  20  1:54  Drone  
  21  2:09  Drone  
  21  2:12  Metabolic Boost  
  22  2:18  Drone  
  22  2:19  Baneling Nest  
  22  2:30  Zergling x2  
  23  2:46  Zergling x6  
  26  2:52  Zergling x2  
  26  2:56  Drone  
  28  3:11  Zergling x10  
  33  3:15  Overlord  
  33  3:41  Drone x4  
  32  3:45  Overlord  
  34  3:51  Baneling x4  
  34  3:59  Zergling x2  
  34  4:01  Overlord  
  35  4:03  Queen  
  35  4:08  Roach Warren  
  36  4:10  Zergling x2  
  36  4:11  Zergling x6  
  40  4:18  Zergling x4  
  42  4:27  Zergling x8  
  42  4:31  Baneling x3  
  45  4:46  Zergling x6  
  45  4:50  Baneling x3  
  35  5:19  Zergling x12  
  38  5:31  Zergling x4  
  38  5:35  Baneling  
  38  5:36  Baneling x4  
  38  5:42  Roach x2  
  41  5:50  Drone  
  42  6:06  Hatchery  
  42  6:09  Zergling x8  
  45  6:14  Extractor  
  45  6:16  Drone x7  
  51  6:24  Baneling x3  
  51  6:25  Baneling  
  45  6:56  Zergling x8  
  45  6:57  Zergling x4  
  51  7:05  Overlord x3  
  51  7:21  Roach x4  
  49  7:30  Drone  
  49  7:31  Drone x2  
  52  7:40  Zergling x8  
  52  7:42  Baneling x2  
  57  7:51  Drone x4  
  59  8:04  Roach  
  59  8:05  Roach  
  63  8:19  Queen  
  65  8:22  Drone x4  
  69  8:27  Overlord x2  
  69  8:38  Roach x6  
  69  8:40  Drone  
  82  8:51  Ravager  
  82  8:53  Overlord x2  
  83  9:04  Extractor  
  83  9:06  Extractor  
  81  9:24  Zergling x12  
  83  9:25  Zergling x4  
  83  9:27  Drone  
  83  9:28  Drone x3  
  83  9:29  Queen  
  95  9:31  Queen  
  95  9:37  Lair  
  97  9:50  Overlord x2  
  97  9:59  Ravager  
  98  10:01  Ravager x2  
  98  10:03  Zergling x16  
  98  10:04  Zergling x4  
  110  10:33  Roach x8  
  126  10:41  Drone x4  
  130  10:46  Extractor  
  130  10:47  Extractor  
  127  11:17  Roach  
  127  11:18  Overlord x5  
  126  11:39  Roach x7  
  144  11:40  Roach x6  
  145  11:53  Roach x7  
  145  11:54  Roach x3  
  157  12:04  Overseer  
  157  12:12  Roach x6  
  169  12:20  Overlord x5  
  158  12:43  Ravager x5  
  158  12:44  Ravager x2  
  162  12:45  Roach x6  
  174  13:07  Hatchery  
  161  13:25  Roach x6  
  161  13:26  Roach x6  
Show
View Real Time Build Order
Export as new Build Order

Javipapache Zerg 

Build Orders: Hatch First 

Get SALT Encoding   

  12  0:04  Extractor  
  11  0:09  Drone  
  12  0:20  Drone x2  
  14  0:31  Extractor  
  13  0:41  Drone  
  15  1:01  Hatchery  
  14  1:16  Spawning Pool  
  14  1:17  Drone  
  14  1:29  Overlord  
  14  1:39  Overlord  
  14  1:57  Drone  
  14  1:58  Drone x2  
  17  2:03  Metabolic Boost  
  17  2:14  Queen  
  19  2:24  Queen  
  21  2:33  Zergling x4  
  21  2:35  Zergling x2  
  24  2:38  Zergling x2  
  24  2:42  Zergling x2  
  26  3:24  Zergling x2  
  26  3:25  Zergling x10  
  32  3:39  Zergling x4  
  29  3:46  Zergling x2  
  30  4:02  Zergling x6  
  33  4:26  Baneling Nest  
  32  4:34  Spine Crawler  
  29  4:49  Evolution Chamber  
  28  4:56  Evolution Chamber  
  23  5:12  Zergling x2  
  23  5:13  Zergling x26  
  31  5:19  Queen  
  26  5:51  Baneling  
  26  5:52  Baneling x3  
  26  5:53  Drone  
  26  5:54  Drone x6  
  33  6:16  Roach Warren  
  32  6:25  Drone  
  33  6:26  Drone x3  
  33  6:32  Overlord, Extractor  
  35  6:33  Overlord  
  35  6:41  Overlord  
  26  6:54  Zergling x4  
  26  6:55  Zergling x10  
  26  7:01  Roach x3  
  27  7:23  Roach x2  
  27  7:24  Roach x2  
  32  7:33  Queen  
  34  7:39  Queen  
  36  8:03  Zerg Ground Armor Level 1, Zerg Missile Weapons Level 1  
  36  8:35  Lair  
  36  8:37  Drone  
  36  8:38  Drone x5  
  42  9:04  Drone  
  42  9:05  Drone x5  
  48  9:29  Extractor  
  48  9:31  Overlord, Extractor  
  46  9:35  Roach x5  
  46  9:36  Roach  
  58  9:41  Glial Reconstitution  
  60  10:14  Roach x4  
  60  10:18  Overlord x2  
  66  10:31  Overlord x2  
  66  10:48  Drone  
  66  10:49  Drone x5  
  72  10:52  Drone  
  73  10:59  Tunneling Claws  
  73  11:23  Roach x2  
  73  11:24  Roach x3  
  73  11:25  Roach x3  
  83  11:58  Roach  
  83  11:59  Roach x3  
  91  12:02  Overlord x3  
  91  12:22  Queen  
  83  12:44  Ravager  
  83  12:45  Ravager x2  
  86  13:00  Overseer  
  86  13:01  Hatchery  
Tags
 
Add a new tag
Caveats
  • Supply blocks, unpowered buildings, or Contaminate may cause inaccurate times.
  • Supply counts are checked every 10 seconds.